 Dungeon Crawl Stone Soup version 0.25-a0-36-g303dd5b1f4 (webtiles) character file.

Game seed: 13133275264213196901, levelgen mode: deterministic

29678 Ablot the Thaumaturge (level 13, -5/151 HPs)
             Began as a Gnoll Skald on Oct 20, 2019.
             Was the Champion of Okawaru.
             Slain by a red ugly thing (18 damage)
             ... on level 14 of the Dungeon.
             The game lasted 00:45:29 (13277 turns).

Ablot the Thaumaturge (Gnoll Skald)                Turns: 13277, Time: 00:45:29

Health: -5/151     AC: 26    Str: 20    XL:     13   Next: 46%
Magic:  7/26       EV:  2    Int: 23    God:    Okawaru [******]
Gold:   885        SH:  7    Dex: 14    Spells: 4/31 levels left

rFire    . . .     SeeInvis .   a - +7 trident "Etyec" {freeze, rPois}
rCold    . . .     Gourm    .   b - +0 buckler of the Ancient Spirits {Int+4}
rNeg     + + +     Faith    .   (armour currently unavailable)
rPois    +         Spirit   .   (helmet currently unavailable)
rElec    .         Reflect  .   (cloak currently unavailable)
rCorr    .         Harm     .   (gloves currently unavailable)
MR       +....     NoTele   +   (boots currently unavailable)
Stlth    +++++.....             N - amulet of magic regeneration
HPRegen  1.35/turn              g - +4 ring of intelligence
MPRegen  0.45/turn              n - ring of protection from magic

@: tree-form, heroism, shrouded, regenerating
A: distributed training, strong nose
a: Heroism, Finesse, Renounce Religion


You were on level 14 of the Dungeon.
You worshipped Okawaru.
Okawaru was exalted by your worship.
You were very hungry.
You were a tree.
You visited 1 branch of the dungeon, and saw 14 of its levels.
You also visited: Sewer and Ossuary.

You collected 1002 gold pieces.
You spent 117 gold pieces at shops.

Inventory:

Hand Weapons
 a - the +7 trident "Etyec" (weapon) {freeze, rPois}
   (You found it on level 7 of the Dungeon)

   It has been specially enchanted to freeze those struck by it, causing extra
   injury to most foes and up to half again as much damage against particularly
   susceptible opponents.
   It can also slow down cold-blooded creatures.
   It protects you from poison.
 Y - the +7 arbalest "Gubb" {freeze, rN+ Str+5 Int+3}
   (Okawaru gifted it to you on level 12 of the Dungeon)

   It causes projectiles fired from it to freeze those they strike, causing
   extra injury to most foes and up to half again as much damage against
   particularly susceptible opponents.
   They can also slow down cold-blooded creatures.
   It affects your strength (+5).
   It affects your intelligence (+3).
   It protects you from negative energy.
Missiles
 f - 414 stones
 o - 47 sling bullets
 q - 547 arrows
 v - a throwing net
 C - 50 bolts
 O - 14 poisoned darts
 P - 9 silver javelins (quivered)
 Q - 8 curare-tipped darts
Armour
 b - the +0 buckler of the Ancient Spirits (worn) {Int+4}
   (You found it on level 6 of the Dungeon)

   It affects your intelligence (+4).
 y - a +0 cloak (melded)
 R - a +3 ring mail of cold resistance (melded)
 T - a +0 pair of gloves (melded)
 W - the +0 helmet of Beauty {rC+ Regen+ Str+5}
   (You found it on level 10 of the Dungeon)

   It affects your strength (+5).
   It protects you from cold.
   It increases your rate of regeneration.
 Z - a +2 helmet of see invisible (melded)
Jewellery
 g - a +4 ring of intelligence (left branch)
 n - a ring of protection from magic (right branch)
 s - an uncursed ring of flight
 I - an uncursed ring of positive energy
 N - an amulet of magic regeneration (around neck)
Wands
 p - a wand of polymorph (8)
 w - a wand of disintegration (14)
 S - a wand of clouds (5)
 V - a wand of enslavement (10)
Scrolls
 e - a scroll of enchant armour
 h - 2 scrolls of magic mapping
 i - 6 scrolls of amnesia
 j - 3 scrolls of identify
 k - 9 scrolls of remove curse
 l - 9 scrolls of teleportation
 u - 3 scrolls of blinking
 x - 6 scrolls of fear
 B - 3 scrolls of fog
 E - 2 scrolls of immolation
 J - a scroll of enchant weapon {unknown}
 L - 2 scrolls of silence
 U - a scroll of noise {unknown}
Potions
 c - 3 potions of might
 m - 5 potions of resistance
 r - 2 potions of mutation
 t - 6 potions of haste
 z - 10 potions of curing
 A - a potion of heal wounds
 D - a potion of lignification
 F - 2 potions of cancellation
 G - 3 potions of flight
 H - 4 potions of brilliance
 K - 4 potions of invisibility
 M - a potion of magic
Comestibles
 d - 19 rations


   Skills:
 + Level 9.4(14.4) Fighting
 + Level 8.2(13.2) Short Blades
 + Level 8.2(13.2) Long Blades
 + Level 8.2(13.2) Axes
 + Level 8.2(13.2) Maces & Flails
 + Level 9.4(14.4) Polearms
 + Level 8.2(13.2) Staves
 + Level 8.2(13.2) Slings
 + Level 8.2(13.2) Bows
 + Level 8.2(13.2) Crossbows
 + Level 8.2(13.2) Throwing
 + Level 8.6(13.6) Armour
 + Level 9.4(14.4) Dodging
 + Level 8.2(13.2) Stealth
 + Level 8.2(13.2) Shields
 + Level 8.2(13.2) Unarmed Combat
 + Level 9.6 Spellcasting
 + Level 6.8 Conjurations
 + Level 6.8 Hexes
 + Level 8.8 Charms
 + Level 6.8 Summonings
 + Level 6.8 Necromancy
 + Level 6.8 Translocations
 + Level 6.8 Transmutations
 + Level 6.8 Fire Magic
 + Level 6.8 Ice Magic
 + Level 6.8 Air Magic
 + Level 6.8 Earth Magic
 + Level 6.8 Poison Magic
 + Level 9.0 Invocations
 + Level 8.2 Evocations


You had 4 spell levels left.
You knew the following spells:

 Your Spells              Type           Power        Failure   Level  Hunger
a - Infusion              Chrm           ####         1%          1    None
b - Song of Slaying       Chrm           ######..     1%          2    None
c - Shroud of Golubria    Chrm/Tloc      #####.       1%          2    None
d - Regeneration          Chrm/Necr      #####.....   1%          3    None
e - Spectral Weapon       Hex/Chrm       #####...     1%          3    None
f - Blink                 Tloc           N/A          1%          2    None
g - Confusing Touch       Hex            #####.       1%          1    None
h - Conjure Flame         Conj/Fire      #####...     1%          3    None
i - Mephitic Cloud        Conj/Pois/Air  #####...     1%          3    None
j - Confuse               Hex            #####...     1%          3    None
k - Cause Fear            Hex            #####.....   3%          4    ##.....

Your spell library contained the following spells:

 Spells                   Type           Power        Failure   Level  Hunger
 Animate Skeleton         Necr           N/A          1%          1    None
 Magic Dart               Conj           ####         1%          1    None
 Pain                     Necr           ####         1%          1    None
 Summon Small Mammal      Summ           ####         1%          1    None
 Call Imp                 Summ           #####...     1%          2    None
 Slow                     Hex            #####...     1%          2    None
 Call Canine Familiar     Summ           #####...     1%          3    None
 Gell's Gravitas          Tloc           #####.....   1%          3    None
 Summon Guardian Golem    Hex/Summ       #####...     1%          3    None
 Vampiric Draining        Necr           #####.....   1%          3    None
 Animate Dead             Necr           N/A          3%          4    ##.....
 Petrify                  Tmut/Erth      #####...     3%          4    ##.....
 Summon Ice Beast         Ice/Summ       #####...     3%          4    ##.....
 Summon Lightning Spire   Summ/Air       #####...     3%          4    ##.....
 Metabolic Englaciation   Hex/Ice        #####.....   10%         5    ####...
 Silence                  Hex/Air        #####.....   10%         5    ####...
 Yara's Violent Unravell  Hex/Tmut       #####.....   10%         5    ####...
 Deflect Missiles         Chrm/Air       #####.....   34%         6    ######.
 Discord                  Hex            #####.....   100%        8    #######


Dungeon Overview and Level Annotations

Branches:
Dungeon (14/15) Temple (0/1) D:6 Lair (0/6) D:9 Orc (0/2) D:12 Vaults (0/5) D:12 D:13 Sewer (visited) Ossuary (visited)

Altars:
Elyvilon
Fedhas
Hepliaklqana
Kikubaaqudgha
Makhleb
Nemelex Xobeh
Okawaru
Sif Muna
The Shining One

Shops:
D:7 ?   D:14 *

Annotations:
D:13 3 runed translucent doors, Sooweil's ghost, journeyman GnSk


Innate Abilities, Weirdness & Mutations

Your experience applies equally to all skills.
((You have very sharp teeth.))
Your uncanny sense of smell can sniff out nearby items.


Message History

Aim: a brown ugly thing (severely wounded)
You could not reach far enough!
The brown ugly thing kicks your spectral weapon!
Your spectral weapon shares its damage with you!
Your spectral weapon is splashed with acid.
Your spectral weapon shares its damage with you!
* * * LOW HITPOINT WARNING * * *
Unknown command.
Attack whom?
Press: ? - help, Dir - move target cursor, f/p - brown ugly thing
Aim: a brown ugly thing (severely wounded)
You reach to attack!
You closely miss the brown ugly thing.
The brown ugly thing is severely wounded.
Your spectral weapon hits the brown ugly thing!
Your spectral weapon freezes the brown ugly thing.
The red ugly thing is engulfed in blazing flames.
The red ugly thing engulfs you.
* * * LOW HITPOINT WARNING * * *
You are engulfed in flames!!
You die... ........ ...... ....... ∆ ###... #...!. #.. #.... #... #... .... #... ∆ #uZ

...# ##...
#u# #..#
##.... #u#
#..###...##
#♣#
#..#≈≈...≈≈
#(#
#..#≈..♣..≈
#u#
#..........
#)#
#....♣._.♣.
#†#
#..........
#○#
#..#≈..♣..≈
#.#
#..#≈≈...≈≈
#.#
#..###...##
#.######.)#
##...#


You could see 4 ugly things, a wyvern zombie and a friendly spectral +7 trident
"Etyec" {freeze, rPois}.

Vanquished Creatures
  Rupert (D:13)
  Nessos (D:13)
  A fire dragon (D:13)
  A hydra (D:14)
  Erica (D:10)
  2 centaur warriors
  Urug (D:12)
  An unseen horror (D:12)
  A deep elf mage (D:12)
  11 ugly things
  4 cyclopes
  A gargoyle (D:11)
  A kobold demonologist (D:13)
  An efreet (D:11)
  A wind drake (shapeshifter) (D:12)
  A troll (D:13)
  3 slime creatures (D:12)
  Prince Ribbit (D:9)
  A hornet (D:12)
  A hippogriff (D:7)
  A wyvern (D:11)
  8 yaks
  16 humans
  A vampire (D:14)
  A basilisk (D:12)
  A steam dragon (D:11)
  2 hungry ghosts
  4 vampire mosquitoes (D:12)
  2 water moccasins
  5 sky beasts
  Purgy (Sewer)
  3 ice beasts
  A black bear (D:10)
  5 orc warriors
  9 ogres
  An eye of draining (D:13)
  3 phantoms
  18 centaurs
  2 big kobolds
  8 bullfrogs
  4 scorpions
  A water moccasin skeleton (D:8)
  3 killer bees (D:12)
  3 wights (D:11)
  2 howler monkeys
  An electric eel (D:12)
  7 crimson imps
  6 centaur zombies
  3 bullfrog zombies
  3 hounds
  5 jellies
  10 orc priests
  3 bullfrog skeletons
  A centaur skeleton (D:7)
  11 mummies (Ossuary)
  A gnoll shaman (D:7)
  4 iguanas
  12 orc wizards
  7 worker ants
  A howler monkey zombie (Ossuary)
  2 worker ant zombies (Ossuary)
  6 gnolls
  A howler monkey skeleton (D:9)
  9 adders
  4 shadow imps
  5 oozes (D:8)
  An adder skeleton (D:5)
  An adder zombie (Ossuary)
  2 worms
  3 dart slugs
  3 leopard geckos
  67 orcs
  3 ball pythons
  5 bats
  4 giant cockroaches
  3 goblins
  7 hobgoblins
  16 jackals
  6 quokkas
  8 frilled lizards
  2 giant cockroach zombies (Ossuary)
  18 kobolds
  A leopard gecko skeleton (D:4)
  2 quokka skeletons
  8 rats
  A fungus (D:6)
404 creatures vanquished.

Vanquished Creatures (others)
  5 spectral weapons
  2 withered plants (Ossuary)
7 creatures vanquished.

Grand Total: 411 creatures vanquished

Notes
Turn   | Place    | Note
-------+----------+-------------------------------------------
     0 | D:1      | Ablot the Gnoll Skald began the quest for the Orb.
     0 | D:1      | Reached XP level 1. HP: 20/20 MP: 6/6
   189 | D:1      | Reached XP level 2. HP: 25/26 MP: 7/7
   215 | D:1      | Learned a level 2 spell: Song of Slaying
   218 | D:1      | Learned a level 2 spell: Shroud of Golubria
   424 | D:1      | Reached XP level 3. HP: 31/31 MP: 1/9
   459 | D:1      | Reached skill level 5 in Spellcasting
   881 | D:1      | Reached skill level 1 in Invocations
   969 | D:2      | Learned a level 3 spell: Regeneration
   973 | D:2      | Learned a level 3 spell: Spectral Weapon
  1197 | D:2      | Reached skill level 1 in Short Blades
  1197 | D:2      | Reached skill level 1 in Long Blades
  1197 | D:2      | Reached skill level 1 in Axes
  1197 | D:2      | Reached skill level 1 in Maces & Flails
  1197 | D:2      | Reached skill level 1 in Staves
  1197 | D:2      | Reached skill level 1 in Slings
  1197 | D:2      | Reached skill level 1 in Bows
  1197 | D:2      | Reached skill level 1 in Crossbows
  1197 | D:2      | Reached skill level 1 in Throwing
  1197 | D:2      | Reached skill level 1 in Stealth
  1197 | D:2      | Reached skill level 1 in Shields
  1197 | D:2      | Reached skill level 1 in Unarmed Combat
  1197 | D:2      | Reached skill level 1 in Evocations
  1278 | D:2      | Reached XP level 4. HP: 28/38 MP: 11/11
  1675 | D:2      | Noticed an ogre
  1683 | D:2      | Killed an ogre
  1683 | D:2      | Reached skill level 1 in Conjurations
  1683 | D:2      | Reached skill level 1 in Hexes
  1683 | D:2      | Reached skill level 1 in Summonings
  1683 | D:2      | Reached skill level 1 in Necromancy
  1683 | D:2      | Reached skill level 1 in Translocations
  1683 | D:2      | Reached skill level 1 in Transmutations
  1683 | D:2      | Reached skill level 1 in Fire Magic
  1683 | D:2      | Reached skill level 1 in Ice Magic
  1683 | D:2      | Reached skill level 1 in Air Magic
  1683 | D:2      | Reached skill level 1 in Earth Magic
  1683 | D:2      | Reached skill level 1 in Poison Magic
  1683 | D:2      | Reached XP level 5. HP: 43/43 MP: 0/12
  1853 | D:3      | Learned a level 2 spell: Blink
  2355 | D:4      | Reached XP level 6. HP: 44/50 MP: 6/13
  2386 | D:4      | Noticed a phantom
  2401 | D:4      | Killed a phantom
  2401 | D:4      | Reached skill level 5 in Fighting
  2401 | D:4      | Reached skill level 5 in Polearms
  2401 | D:4      | Reached skill level 5 in Dodging
  2547 | D:4      | Found an iron altar of Okawaru.
  2555 | D:4      | Became a worshipper of Warmaster Okawaru
  2561 | D:4      | Found an ancient bone altar of Kikubaaqudgha.
  2561 | D:4      | Found a glowing golden altar of the Shining One.
  2572 | D:4      | Found a shimmering blue altar of Sif Muna.
  2575 | D:4      | Found a white marble altar of Elyvilon.
  2622 | D:4      | Learned a level 1 spell: Confusing Touch
  2749 | D:4      | Found a sand-covered staircase.
  2758 | Ossuary  | Entered an ossuary
  2771 | Ossuary  | Reached XP level 7. HP: 22/56 MP: 7/15
  2960 | Ossuary  | Learned a level 3 spell: Conjure Flame
  3109 | Ossuary  | Reached * piety under Okawaru
  3385 | D:5      | Entered Level 5 of the Dungeon
  3389 | D:5      | Found a sparkling altar of Nemelex Xobeh.
  3433 | D:5      | Reached XP level 8. HP: 62/63 MP: 11/16
  3607 | D:5      | You fall into a shaft and drop 1 floor!
  3698 | D:6      | Found a glowing drain.
  3728 | D:6      | Reached ** piety under Okawaru
  3738 | Sewer    | Entered a sewer
  3821 | Sewer    | Noticed Purgy
  3827 | Sewer    | Killed Purgy
  4029 | D:6      | Got an ichor-stained buckler
  4332 | D:5      | Reached XP level 9. HP: 61/69 MP: 14/18
  4515 | D:5      | Found a burning altar of Makhleb.
  4795 | D:6      | Learned a level 3 spell: Mephitic Cloud
  4809 | D:6      | Reached *** piety under Okawaru
  4915 | D:6      | Found a blossoming altar of Fedhas.
  5007 | D:6      | Found a staircase to the Ecumenical Temple.
  5400 | D:7      | Found Keanon's Magic Scroll Emporium.
  5423 | D:7      | Got a faintly glowing trident
  5434 | D:7      | Bought a scroll of teleportation for 39 gold pieces
  5451 | D:7      | Found a hazy altar of Hepliaklqana.
  5478 | D:7      | Identified the +7 trident "Etyec" {freeze, rPois} (You
                  | found it on level 7 of the Dungeon)
  5487 | D:7      | Identified the +0 buckler of the Ancient Spirits {Int+4}
                  | (You found it on level 6 of the Dungeon)
  5498 | D:7      | Reached skill level 5 in Armour
  6036 | D:7      | Bought a scroll of identify for 26 gold pieces
  6036 | D:7      | Bought a scroll of identify for 26 gold pieces
  6036 | D:7      | Bought a scroll of identify for 26 gold pieces
  6059 | D:8      | Reached **** piety under Okawaru
  6070 | D:8      | Reached skill level 5 in Invocations
  6221 | D:8      | Reached XP level 10. HP: 77/77 MP: 20/20
  6303 | D:8      | Learned a level 3 spell: Confuse
  6707 | D:8      | Received a gift from Okawaru
  6914 | D:9      | Found a staircase to the Lair.
  7136 | D:9      | Reached skill level 5 in Short Blades
  7136 | D:9      | Reached skill level 5 in Long Blades
  7136 | D:9      | Reached skill level 5 in Axes
  7136 | D:9      | Reached skill level 5 in Maces & Flails
  7136 | D:9      | Reached skill level 5 in Staves
  7136 | D:9      | Reached skill level 5 in Slings
  7136 | D:9      | Reached skill level 5 in Bows
  7136 | D:9      | Reached skill level 5 in Crossbows
  7136 | D:9      | Reached skill level 5 in Throwing
  7136 | D:9      | Reached skill level 5 in Stealth
  7136 | D:9      | Reached skill level 5 in Shields
  7136 | D:9      | Reached skill level 5 in Unarmed Combat
  7136 | D:9      | Reached skill level 5 in Evocations
  7398 | D:9      | Noticed Prince Ribbit
  7410 | D:9      | Killed Prince Ribbit
  7410 | D:9      | Received a gift from Okawaru
  7824 | D:9      | Found a glowing golden altar of the Shining One.
  8055 | D:10     | Entered Level 10 of the Dungeon
  8213 | D:10     | Paralysed by fainting for 11 turns
  8425 | D:10     | Got a pitted helmet
  8438 | D:10     | Identified the +0 helmet of Beauty {rC+ Regen+ Str+5} (You
                  | found it on level 10 of the Dungeon)
  8545 | D:10     | Reached ***** piety under Okawaru
  8626 | D:10     | Noticed Erica
  8642 | D:10     | Killed Erica
  8642 | D:10     | Received a gift from Okawaru
  8858 | D:11     | Found a sparkling altar of Nemelex Xobeh.
  8951 | D:11     | Reached XP level 11. HP: 72/84 MP: 22/22
  8962 | D:11     | Received a gift from Okawaru
  9019 | D:11     | Noticed a purple ugly thing
  9069 | D:11     | Killed a purple ugly thing
  9069 | D:11     | Received a gift from Okawaru
  9525 | D:11     | Reached skill level 5 in Conjurations
  9525 | D:11     | Reached skill level 5 in Hexes
  9525 | D:11     | Reached skill level 5 in Summonings
  9525 | D:11     | Reached skill level 5 in Necromancy
  9525 | D:11     | Reached skill level 5 in Translocations
  9525 | D:11     | Reached skill level 5 in Transmutations
  9525 | D:11     | Reached skill level 5 in Fire Magic
  9525 | D:11     | Reached skill level 5 in Ice Magic
  9525 | D:11     | Reached skill level 5 in Air Magic
  9525 | D:11     | Reached skill level 5 in Earth Magic
  9525 | D:11     | Reached skill level 5 in Poison Magic
  9579 | D:11     | Received a gift from Okawaru
  9725 | D:12     | Noticed a purple ugly thing
  9774 | D:12     | Received a gift from Okawaru
  9775 | D:12     | Got a scorched arbalest {god gift}
  9781 | D:12     | Identified the +7 arbalest "Gubb" {freeze, rN+ Str+5 Int+3}
                  | (Okawaru gifted it to you on level 12 of the Dungeon)
  9909 | D:12     | Noticed a cyclops
  9909 | D:12     | Noticed a deep elf mage
  9942 | D:12     | Killed a cyclops
 10019 | D:12     | Killed a deep elf mage
 10064 | D:12     | Noticed a cyclops
 10074 | D:12     | Killed a cyclops
 10391 | D:12     | Noticed a purple ugly thing
 10406 | D:12     | Killed a purple ugly thing
 10505 | D:12     | Killed a purple ugly thing
 10505 | D:12     | Reached ****** piety under Okawaru
 10505 | D:12     | Reached XP level 12. HP: 93/93 MP: 16/24
 10619 | D:12     | Received a gift from Okawaru
 10725 | D:12     | Found a staircase to the Orcish Mines.
 10968 | D:12     | Learned a level 4 spell: Cause Fear
 10969 | D:13     | Found a gate to the Vaults.
 10969 | D:13     | Noticed a fire dragon
 10969 | D:13     | Noticed Urug
 10969 | D:13     | Noticed Rupert
 10969 | D:13     | Noticed Nessos
 11132 | D:13     | Noticed a centaur warrior
 11301 | D:12     | Killed a centaur warrior
 11547 | D:13     | HP: 4/94 [salamander (shapeshifter) (8)]
 11637 | D:13     | Killed Nessos
 11935 | D:12     | Killed Urug
 12461 | D:13     | Killed a fire dragon
 12652 | D:13     | Noticed Sooweil's ghost (journeyman GnSk)
 12656 | D:13     | Noticed a fire dragon
 12661 | D:13     | Found a runed translucent gate.
 12661 | D:13     | Found a runed translucent gate.
 12661 | D:13     | Found a runed translucent gate.
 12676 | D:13     | Reached XP level 13. HP: 72/101 MP: 22/26
 12703 | D:13     | Killed Rupert
 12703 | D:13     | Received a gift from Okawaru
 13093 | D:14     | Found Kusuaf's Elemental Accessories.
 13105 | D:14     | Found a white marble altar of Elyvilon.
 13226 | D:14     | Received a gift from Okawaru
 13277 | D:14     | Slain by a red ugly thing

Levels and vault maps discovered:
D:1:      eino_arrival_water_star, layout_basic, hangedman_glass_teeth
D:2:      layout_basic, first_ration, minmay_misc_feat_more_columns
D:3:      layout_loops_cross
D:4:      layout_rooms, minmay_overflow_temple_star_hex,
          chequers_ossuary_entry_cave, kennysheep_generic_room_11
D:5:      layout_loops_cross, nemelex_xobeh_ov_fountains_minmay, serial_rivers,
          chequers_serial_rivers_micro_d, chequers_serial_rivers_large_a,
          chequers_serial_rivers_micro_a, chequers_serial_rivers_micro_e,
          bloody_makhleb
D:6:      layout_basic, minmay_temple_entry_poolview,
          cheibrodos_sewer_entry_drain, fedhas_altar_3
D:7:      layout_cave_pools, basic_altar, serial_shops, nicolae_shop_statue_plus
D:8:      layout_cave_pods, special_room [special_room_orc],
          hangedman_little_slice_of_home
D:9:      layout_layer_cave, lair_entry_dummy, minmay_misc_feat_rows,
          nicolae_tso_swordbearing_angel, uniq_prince_ribbit1
D:10:     layout_irregular_city, uniq_erica
D:11:     layout_basic, lemuel_altar_in_water
D:12:     layout_basic, david_orc_3
D:13:     layout_loops_ring, david_vaults_3, gammafunk_ghost_split
D:14:     layout_long_grid, serial_shops, shop_coins, elyvilon_altar_4,
          biasface_ghost_orc_armoury, nicolae_elemental_shop

Skill      XL: |  1  2  3  4  5  6  7  8  9 10 11 12 13 |
---------------+----------------------------------------+-----
Spellcasting   | 5 6 7 8 9 |  9.6
Invocations    | 1 2 3 4 5 6 7 8 9 |  9.0
Short Blades   | 1 2 3 4 5 6 7 8 |  8.2
Long Blades    | 1 2 3 4 5 6 7 8 |  8.2
Axes           | 1 2 3 4 5 6 7 8 |  8.2
Maces & Flails | 1 2 3 4 5 6 7 8 |  8.2
Staves         | 1 2 3 4 5 6 7 8 |  8.2
Slings         | 1 2 3 4 5 6 7 8 |  8.2
Bows           | 1 2 3 4 5 6 7 8 |  8.2
Crossbows      | 1 2 3 4 5 6 7 8 |  8.2
Throwing       | 1 2 3 4 5 6 7 8 |  8.2
Stealth        | 1 2 3 4 5 6 7 8 |  8.2
Shields        | 1 2 3 4 5 6 7 8 |  8.2
Unarmed Combat | 1 2 3 4 5 6 7 8 |  8.2
Evocations     | 1 2 3 4 5 6 7 8 |  8.2
Armour         | 3 4 5 6 7 8 |  8.6
Conjurations   | 1 2 3 4 5 6 |  6.8
Hexes          | 1 2 3 4 5 6 |  6.8
Summonings     | 1 2 3 4 5 6 |  6.8
Necromancy     | 1 2 3 4 5 6 |  6.8
Translocations | 1 2 3 4 5 6 |  6.8
Transmutations | 1 2 3 4 5 6 |  6.8
Fire Magic     | 1 2 3 4 5 6 |  6.8
Ice Magic      | 1 2 3 4 5 6 |  6.8
Air Magic      | 1 2 3 4 5 6 |  6.8
Earth Magic    | 1 2 3 4 5 6 |  6.8
Poison Magic   | 1 2 3 4 5 6 |  6.8
Fighting       | 5 6 7 8 9 |  9.4
Polearms       | 5 6 7 8 9 |  9.4
Dodging        | 5 6 7 8 9 |  9.4
Charms         | 6 7 8 |  8.8

Action                   |  1- 3 |  4- 6 |  7- 9 | 10-12 | 13-15 || total
-------------------------+-------+-------+-------+-------+-------++-------
Melee: Spear             |   126 |   121 |   297 |       |       ||   544
       Bite              |     7 |    11 |    48 |    68 |    13 ||   147
       Punch             |     1 |     1 |     5 |       |       ||     7
       Trident           |       |       |    84 |   549 |    77 ||   710
 Fire: Arbalest          |       |       |       |     5 |       ||     5
Throw: Stone             |       |       |     6 |       |       ||     6
 Cast: Shroud of Golubri |     3 |    13 |    33 |    46 |     8 ||   103
       Infusion          |     2 |     1 |     2 |     6 |     1 ||    12
       Song of Slaying   |     1 |     1 |     3 |     6 |     1 ||    12
       Spectral Weapon   |       |     5 |    25 |    39 |     6 ||    75
       Regeneration      |       |     1 |     4 |    21 |     7 ||    33
       Conjure Flame     |       |       |       |     4 |     4 ||     8
       Confusing Touch   |       |       |       |     7 |     3 ||    10
       Mephitic Cloud    |       |       |       |     1 |     2 ||     3
       Blink             |       |       |       |       |     6 ||     6
Invok: Heroism           |       |       |       |       |     1 ||     1
 Abil: Evoke Flight      |       |       |     3 |       |       ||     3
  Use: Scroll            |       |     6 |    12 |     7 |     1 ||    26
       Potion            |       |       |       |     3 |     2 ||     5
 Stab: Sleeping          |     3 |     2 |    13 |    15 |       ||    33
       Distracted        |       |     1 |     3 |     4 |       ||     8
       Confused          |       |       |       |     3 |     4 ||     7
  Eat: Chunk             |     1 |     6 |     9 |    16 |     2 ||    34
       Ration            |       |       |     1 |     2 |       ||     3
Armor: Leather armour    |    20 |    16 |    20 |       |       ||    56
       Troll leather arm |       |       |    26 |       |       ||    26
       Ring mail         |       |       |     8 |   155 |    17 ||   180
       Skin              |       |       |       |       |     3 ||     3
Dodge: Dodged            |    66 |    50 |   149 |   303 |    27 ||   595
Block: Buckler           |       |       |    15 |   103 |    15 ||   133

Table legend:
 A = Non-vault XP
 B = Vault XP
 C = Vault XP percentage of total XP
 D = Non-vault monster count
 E = Vault monster count
 F = Vault count percentage of total count
                 A         B        C        D         E       F
            +---------+---------+-------+---------+---------+-------
      Total |   30444 |   11954 |  28.2 |     313 |      90 |  22.3
            +---------+---------+-------+---------+---------+-------
        D:1 |      59 |       0 |   0.0 |      27 |       0 |   0.0
        D:2 |     173 |       0 |   0.0 |      20 |       0 |   0.0
        D:3 |      50 |       0 |   0.0 |      15 |       0 |   0.0
        D:4 |     322 |       2 |   0.6 |      14 |       1 |   6.7
        D:5 |     927 |       0 |   0.0 |      30 |       0 |   0.0
        D:6 |     722 |       3 |   0.4 |      17 |       3 |  15.0
        D:7 |    1123 |       0 |   0.0 |      21 |       0 |   0.0
        D:8 |     552 |     526 |  48.8 |      11 |      34 |  75.6
        D:9 |    1296 |     268 |  17.1 |      21 |       1 |   4.5
       D:10 |     815 |     939 |  53.5 |      11 |       1 |   8.3
       D:11 |    4279 |       0 |   0.0 |      37 |       0 |   0.0
       D:12 |   10265 |    2972 |  22.5 |      52 |      15 |  22.4
       D:13 |    2812 |    6572 |  70.0 |      25 |       9 |  26.5
       D:14 |    7049 |       0 |   0.0 |      12 |       0 |   0.0
      Sewer |       0 |     140 | 100.0 |       0 |       6 | 100.0
    Ossuary |       0 |     532 | 100.0 |       0 |      20 | 100.0
            +---------+---------+-------+---------+---------+-------
